 Dungeon Crawl Stone Soup version 0.30-a0-140-gd1020e658a (webtiles) character file.

Game seed: 10976657252950226354

260 themarg the Insei (level 6, -2/47 HPs)
             Began as a Gnoll Transmuter on Sept 25, 2022.
             Killed from afar by an orc wizard (10 damage)
             ... with a puff of flame
             ... on level 3 of the Dungeon.
             The game lasted 00:05:40 (2690 turns).

themarg the Insei (Gnoll Transmuter)                Turns: 2690, Time: 00:05:41

Health: -2/47      AC:  2    Str:  9    XL:     6   Next: 17%
Magic:  10/14      EV: 22    Int: 20    God:
Gold:   193        SH:  0    Dex: 18    Spells: 9/15 levels left

rFire   . . .      SeeInvis +      - Unarmed
rCold   . . .      Faith    .    (shield currently unavailable)
rNeg    . . .      Spirit   .    (body armour currently unavailable)
rPois   x          Reflect  .    (helmet currently unavailable)
rElec   .          Harm     .    (cloak currently unavailable)
rCorr   .          Rampage  .    (gloves currently unavailable)
Will    .....                    (boots currently unavailable)
Stlth   ++........               q - amulet of the acrobat
HPRegen 0.15/turn                h - ring of see invisible
MPRegen 0.14/turn                p - +6 ring of intelligence

@: spider-form, wereblooded
A: venomous fangs, tiny, (fangs 1), strong nose, distributed training
a: End Transformation


You were on level 3 of the Dungeon.
You were a venomous arachnid creature.
You visited 1 branch of the dungeon, and saw 3 of its levels.

You collected 193 gold pieces.

Inventory:

Hand Weapons
 u - a +4 whip of venom (melded)
Armour
 k - a +0 cloak (melded)
 s - a +0 robe of willpower (melded)
Jewellery
 h - a ring of see invisible (left front leg)
 p - a +6 ring of intelligence (right front leg)
 q - an amulet of the acrobat (around neck)
Scrolls
 e - a scroll of poison {unknown}
 i - a scroll of vulnerability {unknown}
 l - a scroll of noise {unknown}
 o - a scroll of brand weapon {unknown}
 r - a scroll of identify {unknown}
Potions
 a - 2 potions of curing {unknown}
 b - a potion of lignification
 c - 3 potions of degeneration {unknown}
 f - a potion of mutation {unknown}
 g - 2 potions of resistance
 j - a potion of might {unknown}
 m - a potion of berserk rage {unknown}
 n - 2 potions of cancellation {unknown}
 t - 2 potions of attraction {unknown}


   Skills:
 + Level 3.2 Fighting
 + Level 1.9 Short Blades
 + Level 1.9 Long Blades
 + Level 1.9 Axes
 + Level 1.9 Maces & Flails
 + Level 1.9 Polearms
 + Level 1.9 Staves
 + Level 1.9 Ranged Weapons
 + Level 1.9 Throwing
 + Level 1.9 Armour
 + Level 5.0 Dodging
 + Level 1.9 Stealth
 + Level 1.9 Shields
 + Level 6.8 Unarmed Combat
 + Level 5.3 Spellcasting
 + Level 1.5 Conjurations
 + Level 1.5 Hexes
 + Level 1.5 Summonings
 + Level 1.5 Necromancy
 + Level 1.5 Translocations
 + Level 4.1 Transmutations
 + Level 1.5 Fire Magic
 + Level 1.5 Ice Magic
 + Level 1.5 Air Magic
 + Level 1.5 Earth Magic
 + Level 1.5 Poison Magic
 + Level 2.1 Invocations
 + Level 1.9 Evocations


You had 9 spell levels left.
You knew the following spells:

 Your Spells              Type           Power      Damage    Failure   Level
a - Beastly Appendage     Tmut           42%        N/A       8%          1
b - Wereblood             Tmut           21%        N/A       11%         2
c - Spider Form           Tmut/Pois      16%        N/A       26%         3

Your spell library contained the following spells:

 Spells                   Type           Power      Damage    Failure   Level
 Ice Form                 Ice/Tmut       16%        N/A       56%         4


Dungeon Overview and Level Annotations

Branches:
Dungeon (3/15)

Altars:


Innate Abilities, Weirdness & Mutations

You are a venomous arachnid creature.
You have poisonous fangs.
You are tiny and dextrous.
Your spellcasting is less reliable in this form.
Your armour is entirely melded.
You are incapable of wielding weapons or throwing items.
((You have very sharp teeth.))
Your uncanny sense of smell can sniff out nearby items.
Your experience applies equally to all skills.


Message History

You hiss as the wereblood boils in your veins!
The orc closely misses you.
The orc priest calls down the wrath of Beogh upon you.
Beogh smites you!
You hit the orc.
You feel a bit better.
You kill the orc!
You barely miss the orc priest.
The orc priest hits you with a +0 hand axe.
* * * LOW HITPOINT WARNING * * *
You hit the orc priest.
The orc priest is lightly wounded.
The orc priest looks braver for a moment.
You bite the orc priest!
The orc priest is poisoned.
The orc priest is almost dead.
The orc priest invokes the aid of Beogh against you.
Beogh smites you!
* * * LOW HITPOINT WARNING * * *
You bite the orc priest!
You feel a bit better.
You kill the orc priest!
Your Dodging skill increases to level 5!
You hit the jackal.
The jackal is lightly wounded.
The jackal barely misses you. The jackal closely misses you.
You barely miss the jackal.
The jackal is lightly wounded.
You hiss as the wereblood boils in your veins!
The jackal bites you.
* * * LOW HITPOINT WARNING * * *
You barely miss the jackal.
The jackal is lightly wounded.
The jackal closely misses you.
You hit the jackal.
The jackal is poisoned.
The jackal is almost dead.
You hiss as the wereblood boils in your veins!
You feel a bit better.
You kill the jackal!
The orc throws a boomerang.
The boomerang completely misses you. The orc wizard casts a spell at you.
The puff of flame hits you!
You die...

####.##.......#
..........#..####.
#.##..######.# #..
#.##.## ..##.#
....[# #.##.# ..#
#..### ...# ..# ..##
####### ##..# ...#
.#####.....# #...#
....# ####.......#
#.#s##....#
.....#.....#
#.#)#.....#
#########.## #.#oo.#
....#####.####....##
..#.............#.#
..#####..#.###.##.#
.[#####<...# #.# ..
....##>.#..# #.# ...
..#....###.# #.#
....


You could see an orc wizard (invisible) and an orc.

Vanquished Creatures
  Sigmund (D:3)
  An orc priest (D:3)
  2 worms
  2 dart slugs
  An orc (D:3)
  5 ball pythons
  5 endoplasms
  4 giant cockroaches
  5 goblins
  4 hobgoblins
  7 jackals
  6 kobolds
  2 quokkas
  4 bats
  8 frilled lizards
  3 rats
60 creatures vanquished.

Notes
Turn   | Place    | Note
-------+----------+-------------------------------------------
     0 | D:1      | themarg the Gnoll Transmuter began the quest for the Orb.
     0 | D:1      | Reached XP level 1. HP: 17/17 MP: 6/6
   157 | D:1      | Reached XP level 2. HP: 23/23 MP: 5/7
   233 | D:1      | Learned a level 2 spell: Wereblood
   559 | D:1      | Reached skill level 5 in Spellcasting
   559 | D:1      | Reached XP level 3. HP: 28/28 MP: 6/9
   685 | D:1      | Reached skill level 1 in Invocations
  1086 | D:2      | Learned a level 3 spell: Spider Form
  1656 | D:2      | Reached skill level 1 in Short Blades
  1656 | D:2      | Reached skill level 1 in Long Blades
  1656 | D:2      | Reached skill level 1 in Axes
  1656 | D:2      | Reached skill level 1 in Maces & Flails
  1656 | D:2      | Reached skill level 1 in Polearms
  1656 | D:2      | Reached skill level 1 in Staves
  1656 | D:2      | Reached skill level 1 in Ranged Weapons
  1656 | D:2      | Reached skill level 1 in Throwing
  1656 | D:2      | Reached skill level 1 in Armour
  1656 | D:2      | Reached skill level 1 in Stealth
  1656 | D:2      | Reached skill level 1 in Shields
  1656 | D:2      | Reached skill level 1 in Evocations
  2291 | D:3      | Noticed Sigmund
  2300 | D:3      | Killed Sigmund
  2301 | D:3      | Reached skill level 1 in Conjurations
  2301 | D:3      | Reached skill level 1 in Hexes
  2301 | D:3      | Reached skill level 1 in Summonings
  2301 | D:3      | Reached skill level 1 in Necromancy
  2301 | D:3      | Reached skill level 1 in Translocations
  2301 | D:3      | Reached skill level 1 in Fire Magic
  2301 | D:3      | Reached skill level 1 in Ice Magic
  2301 | D:3      | Reached skill level 1 in Air Magic
  2301 | D:3      | Reached skill level 1 in Earth Magic
  2301 | D:3      | Reached skill level 1 in Poison Magic
  2301 | D:3      | Reached XP level 4. HP: 35/35 MP: 7/11
  2301 | D:3      | Reached XP level 5. HP: 41/41 MP: 7/12
  2475 | D:3      | Reached XP level 6. HP: 26/47 MP: 13/13
  2687 | D:3      | Reached skill level 5 in Dodging
  2690 | D:3      | Killed from afar by an orc wizard

Illustrated notes

Levels and vault maps discovered:
D:1:      lightli_arrival_lavapool, layout_rooms,
          nicolae_concentric_dashed_squares_mild, minmay_vboxes
D:2:      layout_basic, serial_co_window_serial, co_window_corner_a,
          co_window_corner_a, co_window_paths_a, co_window_paths_a,
          co_window_of_opportunity_a, co_window_unsneaky_path_b,
          co_window_corner_b, co_window_2corner, co_window_sun,
          co_window_4corner_a, glass_columns_b, glass_columns_a,
          glass_columns_a, glass_columns_a, glass_columns_a, minmay_pentomino_v4
D:3:      layout_rooms, fedhas_altar_2, uniq_sigmund

Skill      XL: |  1  2  3  4  5  6 |
---------------+-------------------+-----
Spellcasting   | 5 |  5.3
Invocations    | 2 |  2.1
Short Blades   | 1 |  1.9
Long Blades    | 1 |  1.9
Axes           | 1 |  1.9
Maces & Flails | 1 |  1.9
Polearms       | 1 |  1.9
Staves         | 1 |  1.9
Ranged Weapons | 1 |  1.9
Throwing       | 1 |  1.9
Armour         | 1 |  1.9
Stealth        | 1 |  1.9
Shields        | 1 |  1.9
Evocations     | 1 |  1.9
Fighting       | 3 |  3.2
Conjurations   | 1 |  1.5
Hexes          | 1 |  1.5
Summonings     | 1 |  1.5
Necromancy     | 1 |  1.5
Translocations | 1 |  1.5
Transmutations | 4 |  4.1
Fire Magic     | 1 |  1.5
Ice Magic      | 1 |  1.5
Air Magic      | 1 |  1.5
Earth Magic    | 1 |  1.5
Poison Magic   | 1 |  1.5
Dodging        | 5 |  5.0
Unarmed Combat | |  6.8

Action                   |  1- 3 |  4- 6 || total
-------------------------+-------+-------++-------
Melee: Unarmed           |    37 |    15 ||    52
       Bite              |     7 |     6 ||    13
       Kick              |    26 |     6 ||    32
       Short sword       |    72 |    24 ||    96
       Headbutt          |    15 |     3 ||    18
       Punch             |     2 |     1 ||     3
       Whip              |       |     3 ||     3
 Cast: Beastly Appendage |    25 |     4 ||    29
       Wereblood         |     2 |     1 ||     3
       Spider Form       |     1 |     1 ||     2
 Stab: Distracted        |     1 |       ||     1
       Sleeping          |     2 |       ||     2
Armor: Robe              |    14 |     5 ||    19
Dodge: Dodged            |    59 |    30 ||    89

Table legend: (Time is in decaauts)
 A = Elapsed time spent in this place.
 B = Non-inter-level travel time spent in this place.
 C = Inter-level travel time spent in this place.
 D = Time resting spent in this place.
 E = Time spent auto-exploring this place.
 F = Levels seen in this place.
 G = Mean time per level.
                   A        B        C        D        E       F      G
               +--------+--------+--------+--------+--------+-----+--------+
         Total |   2676 |   2634 |     42 |    389 |   1791 |   3 |  892.0 |
       Dungeon |   2676 |   2634 |     42 |    389 |   1791 |   3 |  892.0 |
               +--------+--------+--------+--------+--------+-----+--------+

Top non-repeatable levels by time:
     D:2: 1359 daAuts
     D:1: 915 daAuts
     D:3: 400 daAuts
